 Dungeon Crawl Stone Soup version 0.26-a0-707-g31817bcca1 (webtiles) character file.

Game seed: 14301933391957895457

4 Descartes the Sneak (level 1, -1/10 HPs)
             Began as a Felid Delver on Oct 26, 2020.
             Slain by a bullfrog zombie (4 damage)
             ... on level 5 of the Dungeon.
             The game lasted 00:00:34 (73 turns).

Descartes the Sneak (Felid Delver)                    Turns: 73, Time: 00:00:35

Health: -1/10      AC:  1    Str:  8    XL:     1   Next: 58%
Magic:  2/2        EV: 18    Int: 11    God:
Gold:   0          SH:  0    Dex: 17    Spells: 0/0 levels left
                                        Lives:  0   Deaths: 0

rFire    . . .     SeeInvis +     - Unarmed
rCold    . . .     Faith    .   (shield unavailable)
rNeg     . . .     Spirit   .   (armour unavailable)
rPois    .         Reflect  .   (helmet unavailable)
rElec    .         Harm     .   (cloak unavailable)
rCorr    .         Rampage  .   (gloves unavailable)
MR       .....                  (boots unavailable)
Stlth    ++++......             (no amulet)
HPRegen  0.03/turn              (no ring)
MPRegen  0.08/turn              (no ring)

@: quick
A: very small, no armour, no weapons or thrown items, stealth, claws 1, fangs 3,
see invisible, speed 1, shaggy fur 1, sharp paws
a: no special abilities


You were on level 5 of the Dungeon.
You visited 1 branch of the dungeon, and saw 1 of its levels.

Inventory:

Wands
 e - a wand of digging (3)
Scrolls
 a - a scroll of fog
 b - 2 scrolls of magic mapping
 c - a scroll of fear
Potions
 d - a potion of haste


   Skills:
 - Level 3.0 Fighting
 - Level 2.6 Dodging
 + Level 7.0 Stealth
 - Level 2.0 Unarmed Combat


You couldn't memorise any spells.
You didn't know any spells.
Your spell library was empty.

Dungeon Overview and Level Annotations

Branches:
Dungeon (5/15)
 Temple: D:4-7

Altars:

Annotations:
D:5 Ijyb


Innate Abilities, Weirdness & Mutations

You cannot wear armour.
You are incapable of wielding weapons or throwing items.
Your paws allow you to move quietly. (Stealth)
You have sharp claws.
You have razor-sharp teeth.
You have supernaturally acute eyesight. (SInv)
You cover ground quickly.
You are covered in fur. (AC +1)
Your sharp claws are effective at attacking unaware monsters.


Message History

You hear a zap.
You hear a grinding noise.
You hear a zap.
You hear a grinding noise.
The helpless dart slug fails to defend itself.
You mangle the dart slug!!
You kill the dart slug!
Your Stealth skill increases to level 7!
You see here a dart slug corpse.
You hear the slow rusting of a very distant drain.
A bullfrog zombie comes into view.
A jackal skeleton comes into view.
The jackal skeleton closely misses you.
You barely miss the bullfrog zombie. The bullfrog zombie misses you.
The jackal skeleton closely misses you.
You closely miss the bullfrog zombie. The bullfrog zombie hits you!
Ouch! That really hurt!
* * * LOW HITPOINT WARNING * * *
The jackal skeleton closely misses you.
You scratch the bullfrog zombie but do no damage.
The bullfrog zombie hits you.
You die...

#†......................#
#.#8###8###⌠###8###8##.##
#.########### ### ### ##
#.##.# ..# #....# #.# #
####.# #.#.# # #.#
#.#.#.# #.####Z....#
#.....@Z.# ##########


You could see a bullfrog zombie and a jackal skeleton.

Vanquished Creatures
  A dart slug (D:5)
  An orc (D:5)
2 creatures vanquished.

Notes
Turn   | Place    | Note
-------+----------+-------------------------------------------
     0 | D:5      | Descartes the Felid Delver began the quest for the Orb.
     0 | D:5      | Reached XP level 1. HP: 10/10 MP: 2/2
    10 | D:5      | Noticed Ijyb
    56 | D:5      | Reached skill level 7 in Stealth
    73 | D:5      | Slain by a bullfrog zombie

Illustrated notes

Levels and vault maps discovered:
D:5:      wander_guarded_unrand_ratskin, layout_basic, portal_sewer_entry_d,
          corexii_hall_statues_t, uniq_ijyb

Skill      XL: |  1 |
---------------+----+-----
Stealth        | 7 |  7.0
Fighting       | |  3.0
Dodging        | |  2.6
Unarmed Combat | |  2.0

Action                   || total
-------------------------++-------
Melee: Unarmed           ||     5
 Stab: Sleeping          ||     2
Dodge: Dodged            ||     4

Table legend: (Time is in decaauts)
 A = Elapsed time spent in this place.
 B = Non-inter-level travel time spent in this place.
 C = Inter-level travel time spent in this place.
 D = Time resting spent in this place.
 E = Time spent auto-exploring this place.
 F = Levels seen in this place.
 G = Mean time per level.
                   A        B        C        D        E       F      G
               +--------+--------+--------+--------+--------+-----+--------+
         Total |     59 |     59 |      0 |      0 |      0 |   1 |   59.0 |
       Dungeon |     59 |     59 |      0 |      0 |      0 |   1 |   59.0 |
               +--------+--------+--------+--------+--------+-----+--------+

Top non-repeatable levels by time:
     D:5: 59 daAuts
